 Dungeon Crawl Stone Soup version 0.30.1-11-g7821555f0a (webtiles) character file.

Game seed: 1762163146845805505

208 Curundu the Chopper (level 5, -1/48 HPs)
             Began as a Minotaur Berserker on Jan 12, 2024.
             Was a Believer of Trog.
             Slain by an iron imp (8 damage)
             ... summoned by Eustachio
             ... on level 4 of the Dungeon.
             The game lasted 00:07:24 (2380 turns).

Curundu the Chopper (Minotaur Berserker)            Turns: 2380, Time: 00:07:25

Health: -1/48      AC:  2    Str: 24      XL:     5   Next: 55%
Magic:  4/4        EV: 12    Int:  4      God:    Trog [**....]
Gold:   245        SH:  0    Dex:  8 (9)  Spells: 4/4 levels left

rFire   . . .        c - +0 war axe
rCold   + . .        (no shield)
rNeg    . . .        b - +0 animal skin
rPois   +            (helmet restricted)
rElec   .            (no cloak)
rCorr   .            (no gloves)
SInv    .            (no boots)
Will    .....        (no amulet)
Stlth   +            k - ring of poison resistance
HPRegen 0.28/turn    i - ring of protection from cold
MPRegen 0.09/turn

%: no passive effects
@: on berserk cooldown, slowed, very slow
A: horns 2, retaliatory headbutt
a: Renounce Religion, Berserk, Trog's Hand


You were on level 4 of the Dungeon.
You worshipped Trog.
Trog was pleased with you.
You visited 1 branch of the dungeon, and saw 4 of its levels.

You collected 245 gold pieces.

Inventory:

Hand Weapons
 a - a +0 hand axe
 c - a +0 war axe (weapon)
Missiles
 e - 2 boomerangs (quivered)
 g - 15 atropa-tipped darts
 h - a throwing net
Armour
 b - a +0 animal skin (worn)
Jewellery
 i - a ring of protection from cold (right hand)
 k - a ring of poison resistance (left hand)
Wands
 l - a wand of mindburst (12)
Scrolls
 n - a scroll of teleportation
Potions
 d - 2 potions of curing
 f - 2 potions of heal wounds
 j - 2 potions of flight
 o - a potion of attraction


   Skills:
 + Level 5.0 Fighting
 + Level 5.6 Axes
 + Level 2.7 Armour
 + Level 3.4 Dodging
 + Level 1.0 Stealth


You had 4 spell levels left.
You didn't know any spells.
Your spell library was empty.

Dungeon Overview and Level Annotations

Branches:
Dungeon (4/15)
 Temple: D:4-7

Altars:

Shops:
D:3 !

Annotations:
D:4 Eustachio


Innate Abilities, Weirdness & Mutations

You have a pair of horns on your head.
You reflexively headbutt those who attack you in melee.


Message History

You barely miss the crimson imp. Your headbutt misses the crimson imp.
The crimson imp is almost dead.
The crimson imp barely misses you. You furiously retaliate!
You headbutt the crimson imp!
You kill the crimson imp!
The crimson imp disappears in a puff of smoke!
Your skin stops crawling.
You feel less strong-willed.
You feel a strong urge to attack something.
Eustachio mumbles some strange words.
Eustachio blinks!
You are no longer berserk.
You are exhausted.
You feel yourself slow down.
Eustachio drinks a potion.
Eustachio is healed!
Eustachio casts a spell.
Eustachio screams, "Hey, you killed my favourite bat!"
Eustachio casts a spell.
Eustachio blinks!
Eustachio zaps a wand.
The puff of flame hits you!
You slash the quasit!
The quasit is severely wounded.
The quasit bites you. The quasit claws you. x2
You feel clumsy.
Eustachio zaps a wand.
The puff of flame misses you. The quasit barely misses you.
You furiously retaliate!
You headbutt the quasit!
You kill the quasit!
The quasit disappears in a puff of smoke!
Eustachio zaps a wand.
The puff of flame hits you! Eustachio hits you with a +0 rapier!
* * * LOW HITPOINT WARNING * * *
You closely miss Eustachio. Your headbutt misses Eustachio.
Eustachio is heavily wounded.
Eustachio casts a spell.
Eustachio blinks!
Found a scroll labelled GUGOTS BUSM.
Eustachio zaps a wand.
The puff of flame hits you!
* * * LOW HITPOINT WARNING * * *
Eustachio mumbles some strange words.
The white imp completely misses you.
The iron imp grinds its teeth.
The iron imp hits you!
You die...

### #.###..#####.# #..
#..# #.# .# #.#
#)###..# #.# ..## #.#
#......# #.. ...#.#
####.#.## ###
#.#.#########.#..######
#......................
###....##.###...####+##
#...@5<.# ###.#
#..5@##.# ### ##.#5##.#
#.#.##.# #.#.##.#
..#.##.# ###.# #?.


You could see Eustachio, an iron imp (summoned), a white imp (summoned) and an
ufetubus (summoned).

Vanquished Creatures
  A bullfrog (D:3)
  2 orc priests (D:3)
  3 adders
  An ufetubus (D:4)
  2 worms (D:3)
  2 dart slugs
  3 orcs (D:3)
  5 ball pythons
  2 bats (D:2)
  2 endoplasms
  3 giant cockroaches
  3 goblins
  7 hobgoblins
  A quokka (D:2)
  4 frilled lizards
  A kobold (D:1)
  3 rats
45 creatures vanquished.

Notes
Turn   | Place    | Note
-------+----------+-------------------------------------------
     0 | D:1      | Curundu the Minotaur Berserker began the quest for the Orb.
     0 | D:1      | Reached XP level 1. HP: 19/19 MP: 0/0
   120 | D:1      | Reached XP level 2. HP: 27/27 MP: 1/1
   928 | D:2      | Reached XP level 3. HP: 26/33 MP: 2/2
  1021 | D:2      | Found a faded altar of an unknown god.
  1449 | D:3      | Reached ** piety under Trog
  1450 | D:3      | Reached XP level 4. HP: 37/41 MP: 3/3
  1483 | D:3      | Reached skill level 5 in Axes
  1807 | D:3      | Found Ovyibey's Distillery.
  1921 | D:3      | Noticed a bullfrog
  1924 | D:3      | Killed a bullfrog
  1925 | D:3      | Reached skill level 1 in Stealth
  1925 | D:3      | Reached XP level 5. HP: 35/47 MP: 4/4
  1929 | D:3      | Reached skill level 5 in Fighting
  2346 | D:4      | Noticed Eustachio
  2380 | D:4      | Slain by an iron imp

Illustrated notes

Levels and vault maps discovered:
D:1:      psy_arrival_conway, layout_loops_ring
D:2:      layout_loops_ring, ebering_ecumenical_altar_sacrificial, st_stairs_1,
          minivault_23
D:3:      layout_loops_cross, serial_shops, shop_statue
D:4:      nicolae_cairo_tiling_very_big, layout_loops_ring, serial_shops,
          nicolae_shop_rolled_up, uniq_eustachio

Skill      XL: |  1  2  3  4  5 |
---------------+----------------+-----
Fighting       | 4 5 |  5.0
Axes           | 4 5 |  5.6
Dodging        | 3 |  3.4
Stealth        | 1 |  1.0
Armour         | |  2.7

Action                     |  1- 3 |  4- 6 || total
---------------------------+-------+-------++-------
  Melee: Hand axe          |    63 |    10 ||    73
         Headbutt          |     9 |     4 ||    13
         Punch             |     1 |     1 ||     2
         War axe           |       |    30 ||    30
 Invoke: Berserk           |       |     1 ||     1
         Trog's Hand       |       |     1 ||     1
    Use: Scroll            |     6 |     2 ||     8
   Stab: Sleeping          |     1 |       ||     1
 Armour: Animal skin       |     8 |     5 ||    13
  Dodge: Dodged            |    43 |    40 ||    83
